 Dungeon Crawl Stone Soup version 0.24.0-123-gd5b16e6ec5 (webtiles) character file.

Game seed: 8975140667507782925, levelgen mode: deterministic

140 ReteAZ the Ruffian (level 5, -4/50 HPs)
             Began as a Troll Fighter on Dec 18, 2019.
             Killed from afar by Grinder (12 damage)
             ... with a puff of flame
             ... on level 3 of the Dungeon.
             The game lasted 00:02:28 (1860 turns).

ReteAZ the Ruffian (Troll Fighter)                  Turns: 1860, Time: 00:02:28

Health: -4/50      AC:  6    Str: 25    XL:     5   Next: 2%
Magic:  4/4        EV:  8    Int:  4    God:
Gold:   107        SH:  8    Dex:  9    Spells: 4/4 levels left

rFire    . . .     SeeInvis .     - Unarmed
rCold    . . .     Gourm    +   b - +0 shield
rNeg     . . .     Faith    .   a - +0 robe
rPois    .         Spirit   .   (helmet restricted)
rElec    .         Reflect  .   (no cloak)
rCorr    .         Harm     .   (gloves unavailable)
MR       .....                  (boots unavailable)
Stlth    +.........             (no amulet)
HPRegen  0.56/turn              (no ring)
MPRegen  0.09/turn              (no ring)

@: flying, hasted, very quick
A: large, unfitting armour, claws 3, fast metabolism 3, gourmand, regeneration
1, shaggy fur 1, tough skin 3
a: no special abilities


You were on level 3 of the Dungeon.
You were very full.

You visited 1 branch of the dungeon, and saw 3 of its levels.

You collected 107 gold pieces.

Inventory:

Missiles
 i - 81 stones (quivered)
 p - 5 large rocks
Armour
 a - a +0 robe (worn)
 b - a +0 shield (worn)
Jewellery
 h - an uncursed amulet of rage {unknown}
Scrolls
 g - 2 scrolls of identify {unknown}
 j - 2 scrolls of amnesia {unknown}
 k - a scroll of remove curse {unknown}
 l - a scroll of random uselessness {unknown}
 m - a scroll of fear {unknown}
Potions
 c - a potion of might
 e - a potion of haste
 f - a potion of flight
 n - a potion of degeneration {unknown}
 o - a potion of magic {unknown}
 q - a potion of brilliance {unknown}
Comestibles
 d - 10 rations


   Skills:
 - Level 2.4 Fighting
 - Level 2.4 Dodging
 - Level 2.4 Shields
 + Level 5.2 Unarmed Combat


You had 4 spell levels left.
You didn't know any spells.
Your spell library was empty.

Dungeon Overview and Level Annotations

Branches:
Dungeon (3/15)

Altars:

Annotations:
D:3 Grinder


Innate Abilities, Weirdness & Mutations

You are too large for most types of armour.
You have claws for hands.
Your metabolism is lightning-fast.
You like to eat raw meat.
Your natural rate of healing is unusually fast.
You are covered in fur. (AC +1)
You have extremely tough skin. (AC +3)


Message History

* * * LOW HITPOINT WARNING * * *
Your shield prevents you from hitting Grinder.
Grinder is lightly wounded.
Grinder drinks a potion.
Grinder suddenly seems more resistant.
You claw Grinder!
Grinder is heavily wounded.
Grinder gestures at you. Pain shoots through your body!
* * * LOW HITPOINT WARNING * * *
Your shield prevents you from hitting Grinder.
Grinder is heavily wounded.
You block Grinder's attack.
Unknown command.
It was a potion of haste.
You feel yourself speed up. You block Grinder's attack.
It was a potion of flight.
You feel very buoyant.
You fly up into the air.
Grinder zaps a wand.
The puff of flame hits you!
You die...

#.....#..##...#.
#.....#..##...#.
#.....#..##...#.
#.....#..##...#.
###'#.....'...#.
#.#.#.#.#...#. .##########
#.#.#.#.#...#.
..........###.#.#.#.#.###.
(......5.@'.....#.#.......
..........###.###.#.##....
########### #.# #.#..+....
#.# #.####.... #.# #....
#.# #.... #.# #.... +#
#....


You could see Grinder.

Vanquished Creatures
  3 gnolls (D:2)
  4 adders
  An ooze (D:2)
  A worm (D:2)
  A dart slug (D:1)
  2 leopard geckos (D:2)
  A ball python (D:1)
  6 bats
  3 giant cockroaches (D:2)
  7 goblins
  5 hobgoblins
  8 jackals (D:3)
  3 frilled lizards
  12 kobolds
  11 rats
68 creatures vanquished.

Notes
Turn   | Place    | Note
-------+----------+-------------------------------------------
     0 | D:1      | ReteAZ the Troll Fighter began the quest for the Orb.
     0 | D:1      | Reached XP level 1. HP: 22/22 MP: 0/0
   169 | D:1      | Reached XP level 2. HP: 29/29 MP: 1/1
   359 | D:1      | Reached skill level 3 in Unarmed Combat
   592 | D:1      | Reached XP level 3. HP: 36/36 MP: 2/2
   806 | D:2      | Reached skill level 4 in Unarmed Combat
  1100 | D:2      | Reached XP level 4. HP: 44/44 MP: 3/3
  1464 | D:2      | Reached skill level 5 in Unarmed Combat
  1713 | D:3      | Reached XP level 5. HP: 48/50 MP: 4/4
  1848 | D:3      | Noticed Grinder
  1860 | D:3      | Killed from afar by Grinder

Levels and vault maps discovered:
D:1:      zaba_arrival_water, layout_basic, minmay_octomino_j4
D:2:      layout_loops_ring, kennysheep_path_1
D:3:      layout_basic, good_gods_temple_1, first_ration, fedhas_altar_3,
          uniq_grinder

Skill      XL: |  1  2  3  4 |
---------------+-------------+-----
Unarmed Combat | 3 4 5 |  5.2
Fighting       | |  2.4
Dodging        | |  2.4
Shields        | |  2.4

Action                   |  1- 3 |  4- 6 || total
-------------------------+-------+-------++-------
Melee: Unarmed           |   149 |    71 ||   220
Throw: Stone             |       |     1 ||     1
  Use: Potion            |       |     2 ||     2
  Eat: Chunk             |    13 |     9 ||    22
Armor: Robe              |    54 |    35 ||    89
Dodge: Dodged            |    58 |    19 ||    77
Block: Shield            |    68 |    33 ||   101
